Map: Deathaura LE

Players

Stats - Winner!

  • Race: Protoss Protoss
  • Spawn Location: 11:00

LiquidClem (Clem)

  • Race: Terran Terran
  • Spawn Location: 5:00

Event: DreamHack SC2 Masters 2020 Winter

VOD

Have the link to the VOD?

Description

Time

  • Played on: Nov. 15, 2020, 9:35 a.m.
  • Length: 10:52

All games in this series

Show
View Real Time Build Order
Export as new Build Order

Stats Protoss - Winner!

Build Orders: 1 Gate Expand, Oracle Opening, Phoenix Opening, Colossus Rush 

Get SALT Encoding   

  12  0:00  Probe  
  13  0:12  Probe  
  14  0:17  Pylon  
  14  0:24  Probe (Chrono Boost)  
  15  0:37  Probe (Chrono Boost), Gateway  
  16  0:45  Probe (Chrono Boost)  
  16  0:46  Assimilator  
  17  0:51  Probe  
  18  1:03  Probe  
  19  1:15  Probe  
  20  1:22  Nexus  
  20  1:32  Cybernetics Core  
  20  1:35  Probe  
  21  1:41  Assimilator  
  21  1:48  Pylon  
  21  1:50  Probe  
  22  2:03  Probe  
  22  2:05  Adept (Chrono Boost)  
  26  2:15  Probe  
  26  2:19  Stargate  
  26  2:26  Warp Gate  
  26  2:27  Probe  
  26  2:29  Adept (Chrono Boost)  
  27  2:35  Probe  
  30  2:39  Probe  
  31  2:49  Probe  
  32  2:52  Probe  
  33  3:00  Oracle (Chrono Boost)  
  33  3:01  Probe  
  33  3:04  Probe  
  38  3:06  Pylon  
  38  3:08  Adept  
  40  3:13  Probe (Chrono Boost)  
  42  3:20  Probe (Chrono Boost), Pylon  
  42  3:25  Probe (Chrono Boost)  
  43  3:30  Probe x2 (Chrono Boost), Phoenix  
  47  3:35  Gateway  
  47  3:40  Probe  
  48  3:54  Probe x2  
  48  3:55  Phoenix  
  52  3:58  Assimilator  
  52  4:00  Assimilator  
  52  4:05  Robotics Facility  
  52  4:06  Probe (Chrono Boost)  
  54  4:10  Probe (Chrono Boost)  
  55  4:17  Probe (Chrono Boost)  
  55  4:20  Probe (Chrono Boost), Phoenix  
  58  4:27  Nexus  
  58  4:30  Pylon  
  58  4:32  Probe  
  58  4:33  Probe  
  60  4:40  Pylon  
  60  4:45  Phoenix  
  62  4:48  Probe x2  
  62  4:52  Shield Battery  
  64  5:00  Probe x2, Shield Battery  
  64  5:01  Robotics Bay  
  64  5:02  Observer  
  67  5:09  Phoenix (Chrono Boost)  
  67  5:12  Probe x2  
  71  5:17  Pylon  
  71  5:21  Immortal (Chrono Boost)  
  71  5:24  Probe x2  
  77  5:33  Pylon  
  48  5:35  Phoenix  
  77  5:37  Probe x2  
  77  5:42  Adept x2  
  85  5:49  Probe x2, Colossus (Chrono Boost)  
  87  5:52  Probe  
  94  6:01  Probe x2  
  94  6:02  Forge  
  94  6:03  Twilight Council  
  96  6:04  Probe  
  96  6:07  Pylon  
  96  6:09  Assimilator  
  97  6:12  Assimilator  
  97  6:21  Extended Thermal Lance  
  97  6:23  Probe x3  
  97  6:25  Pylon, Gateway  
  100  6:26  Gateway  
  100  6:30  Protoss Ground Weapons Level 1 (Chrono Boost)  
  100  6:33  Colossus (Chrono Boost)  
  106  6:40  Charge  
  106  6:42  Pylon  
  106  6:46  Gateway  
  106  6:49  Gateway  
  106  6:52  Probe x3  
  109  6:57  Gateway  
  109  7:00  Gateway  
  109  7:06  Sentry x2  
  113  7:10  Pylon  
  113  7:12  Pylon  
  113  7:13  Pylon  
  113  7:17  Colossus (Chrono Boost)  
  119  7:28  Zealot x2  
  123  7:31  Zealot x2  
  123  7:34  Pylon  
  123  7:35  Pylon  
  123  7:37  Pylon  
  127  7:44  Zealot x2  
  131  7:55  Zealot x5  
  131  7:56  Zealot  
  143  8:04  Immortal  
  147  8:07  Forge  
  147  8:16  Blink  
  147  8:21  Nexus  
  147  8:23  Pylon  
  147  8:26  Probe x3  
  150  8:31  Dark Shrine  
  150  8:32  Robotics Facility  
  150  8:33  Protoss Ground Weapons Level 2 (Chrono Boost)  
  150  8:36  Protoss Ground Armor Level 1 (Chrono Boost)  
  150  8:38  Probe x3  
  153  8:44  Immortal  
  157  8:52  Probe x3  
  157  8:55  Templar Archives  
  157  8:59  Zealot x8  
  173  9:18  Shield Battery, Gateway  
  173  9:19  Pylon  
  173  9:20  Shield Battery, Gateway  
  173  9:24  Disruptor x2  
  179  9:38  High Templar x4  
  185  9:43  Gateway  
  185  9:44  Archon  
  185  9:45  Archon, Gateway  
  187  9:46  Observer  
  187  9:47  Gateway  
  187  9:54  Dark Templar x2  
  191  10:01  Disruptor x2  
  197  10:09  Stalker  
  174  10:41  Zealot x7  
  174  10:42  Zealot x5  
Show
View Real Time Build Order
Export as new Build Order

LiquidClem Terran 

Build Orders: Reaper Expand 

Get SALT Encoding   

  12  0:00  SCV  
  13  0:12  SCV  
  14  0:17  Supply Depot  
  14  0:24  SCV  
  15  0:38  SCV  
  15  0:39  Barracks  
  16  0:43  Refinery  
  16  0:50  SCV  
  17  1:02  SCV  
  18  1:14  SCV  
  19  1:25  Reaper  
  19  1:27  Orbital Command  
  20  1:38  Command Center  
  20  1:46  Supply Depot  
  20  1:52  SCV  
  21  1:57  Marine  
  22  2:05  SCV  
  23  2:10  Factory  
  23  2:14  Bunker  
  23  2:16  Marine  
  23  2:18  SCV  
  25  2:23  Refinery  
  25  2:30  SCV  
  25  2:36  Barracks Reactor  
  26  2:42  SCV  
  27  2:51  Orbital Command  
  27  2:54  SCV  
  27  2:55  Hellion  
  30  2:59  Starport  
  30  3:06  SCV  
  31  3:12  Marine  
  31  3:13  Marine  
  31  3:16  Widow Mine  
  31  3:19  SCV  
  36  3:20  SCV  
  36  3:22  Supply Depot  
  37  3:30  Marine x2  
  37  3:31  SCV  
  37  3:32  SCV  
  41  3:36  Medivac  
  41  3:37  Widow Mine  
  45  3:43  SCV  
  45  3:44  SCV  
  46  3:48  Marine  
  46  3:51  Marine  
  46  3:55  SCV  
  47  3:56  SCV  
  47  4:00  Factory Tech Lab  
  48  4:07  SCV  
  48  4:08  Viking, SCV  
  52  4:11  Supply Depot  
  52  4:14  Marine x2  
  54  4:20  Barracks  
  54  4:24  Supply Depot  
  54  4:32  Barracks  
  54  4:33  SCV x2, Siege Tank  
  54  4:35  Engineering Bay  
  54  4:37  Marine x2  
  61  4:41  Starport Tech Lab  
  61  4:42  Supply Depot  
  61  4:45  SCV x2  
  63  4:49  Refinery  
  63  4:56  Marine x2  
  63  4:57  SCV x2  
  67  5:05  Starport Tech Lab, Siege Tank  
  68  5:07  Refinery  
  68  5:09  SCV  
  68  5:11  Supply Depot, Terran Infantry Weapons Level 1  
  69  5:14  Marine x2  
  69  5:15  SCV  
  72  5:22  Marine  
  72  5:24  Stimpack  
  73  5:28  Supply Depot  
  73  5:30  SCV x2  
  73  5:32  Marine  
  73  5:33  Marine  
  73  5:34  Marine  
  78  5:37  Supply Depot  
  78  5:39  Combat Shield  
  78  5:40  Marine  
  78  5:42  SCV  
  80  5:48  Siege Tank  
  83  5:51  Marine x2  
  83  5:53  Supply Depot, Starport Reactor  
  83  5:55  Marauder  
  87  5:58  Marauder  
  87  6:03  Supply Depot  
  89  6:09  Marine x2  
  91  6:16  Marauder  
  90  6:21  Marine  
  90  6:22  Command Center  
  90  6:24  Siege Tank  
  94  6:30  Marine x2  
  94  6:31  Supply Depot  
  95  6:33  SCV x2  
  95  6:36  Medivac  
  95  6:37  Marine  
  99  6:40  Medivac  
  99  6:46  Marauder  
  101  6:48  SCV  
  101  6:50  Supply Depot, Marine x2  
  101  6:51  SCV  
  105  6:55  Supply Depot  
  105  6:56  Marauder  
  105  7:00  Siege Tank  
  110  7:03  SCV  
  110  7:07  SCV, Marauder  
  113  7:09  Supply Depot  
  113  7:10  Terran Infantry Armor Level 1  
  113  7:15  SCV, Marine x2  
  114  7:17  Marauder  
  114  7:22  Viking  
  116  7:23  Viking  
  118  7:33  Barracks  
  118  7:34  Barracks  
  118  7:36  Siege Tank  
  121  7:39  Marine  
  121  7:41  Marauder  
  124  7:45  Marauder, Marine  
  127  7:52  SCV x2  
  127  7:56  Marine  
  127  7:57  Viking  
  132  8:00  Viking  
  134  8:06  SCV  
  134  8:07  SCV  
  134  8:08  Missile Turret  
  134  8:12  Siege Tank  
  139  8:16  Orbital Command  
  140  8:20  SCV  
  140  8:23  Barracks Tech Lab  
  140  8:24  Barracks Reactor  
  140  8:25  Marine x2  
  141  8:27  Marauder  
  141  8:31  Viking  
  73  8:34  Viking  
  145  8:36  SCV  
  148  8:41  SCV x2, Supply Depot  
  148  8:45  Siege Tank  
  148  8:48  Marauder  
  152  8:50  SCV  
  152  8:55  Marine x2  
  153  8:56  Marauder, Ghost Academy  
  153  8:58  Marauder  
  153  9:01  SCV x2  
  153  9:02  Marine x2  
  162  9:05  Supply Depot  
  162  9:07  SCV  
  163  9:12  Liberator x2  
  163  9:16  SCV x2, Supply Depot  
  171  9:17  Refinery  
  171  9:19  SCV  
  171  9:21  Marine  
  173  9:25  Supply Depot  
  173  9:26  Marine  
  173  9:27  Ghost  
  173  9:28  Supply Depot, Marine x2  
  178  9:33  Ghost  
  178  9:38  Supply Depot  
  180  9:39  Marine x2  
  180  9:43  Supply Depot  
  180  9:44  Marine  
  180  9:45  Siege Tank  
  186  9:46  Marine  
  186  9:47  SCV  
  186  9:48  SCV x2  
  186  9:49  Supply Depot  
  186  9:51  Marine  
  191  9:57  Supply Depot, Ghost  
  191  9:59  SCV  
  194  10:03  Ghost  
  194  10:06  Marine x2  
  198  10:11  Marine  
  198  10:12  Supply Depot, Bunker, Marine  
  200  10:19  Command Center  
  198  10:23  Marauder  
  198  10:28  Marauder  
Tags
 
Add a new tag
Caveats
  • Supply blocks, unpowered buildings, or Contaminate may cause inaccurate times.
  • Supply counts are checked every 10 seconds.